Connexion

Checkers vs Americans

Created - 21 mars 2024 at 05:50

Goals
1 2 3 T
Checkers 0 1 1 2
Americans 3 1 1 5
Shots
1 2 3 T
Checkers 7 12 13 32
Americans 15 14 13 42

GoalsPenalties
1st period
1. Americans , Tanner Fritz 29 (Andrew Agozzino 47, Joseph Duszak 30) at 3:19
2. Americans , Ross Johnston 30 (Connor Carrick 42, Joseph Duszak 31) at 11:10
3. Americans , Riley Tufte 6 (Patrick Brown 9, Ethan Prow 53) at 16:07
No Penalty
2nd period
4. Americans , Andrew Agozzino 31 (Ethan Prow 54, Tanner Fritz 30) at 10:01 (PP)
5. Checkers , Aarne Talvitie 8 (Ben Hutton 6, Troy Stecher 54) at 14:31
Turner Elson (POR) for Hooking (Minor) at 2:54
Jaynen Rissling (CHA) for Cross-checking (Minor) at 9:34
3rd period
6. Checkers , Troy Stecher 13 (Miles Wood 41, Brett Sutter 41) at 16:35 (PP)
7. Americans , Tanner Fritz 30 (Matt Lorito 41, Ethan Prow 55) at 18:39
Ross Johnston (POR) for Tripping (Minor) at 1:15
John Gilmour (POR) for Tripping (Minor) at 3:43
Michael Vukojevic (CHA) for High sticking (Minor) at 12:49
Andrew Peeke (POR) for Interference (Minor) at 15:15
Goalie Stats
Jake Kielly (CHA), 13 saves from 17 shots - (0,765), L, 31-35-9, 30:01 minutes
Devin Cooley (CHA), 24 saves from 25 shots - (0,960), 29:59 minutes
Alex Starlock (POR), 30 saves from 32 shots - (0,938), W, 32-21-0, 60:00 minutes
3 StarsOfficial
1 - Tanner Fritz (POR)
2 - Andrew Agozzino (POR)
3 - Ethan Prow (POR)
Referees : Kelly Sutherland and Eric Furlatt
Linesman : David Brisebois and Steve Barton
Game Note
Devin Cooley enters game at 10:01 of 2nd period
Finance
Level 1 -- Attendance: 1540 (77,00%) -- Ticket Income $56,980
Level 2 -- Attendance: 1000 (100,00%) -- Ticket Income $19,000
Total Attendance: 2540 (84,67%)
Total Ticket Income: $75,980
Other Income: $15,196
Total Income: $91,176



Team Name Goals Shots Shots Attemp Shots Blocked PIM HIT PP PK FO%
Checkers 23270144191 / 4 (25%)149%
Americans 54284108211 / 2 (50%)151%

Checkers
Player Name POS G A P +/- PIM HIT SHT SB MP PP MP PP SHT PK MP PK SHT FO% FOT
Aarne TalvitieC1011024016:070:4200:00043% 14
Andy AndreoffC/LW000-2011018:133:0310:4800% 0
Ben HuttonD0111043124:113:4420:4800% 0
Brett SutterC/LW011-1002020:243:3200:00059% 29
Demetrios KoumontzisD000-2000315:360:0000:3300% 0
Dylan PetersonC000-100003:380:0000:00080% 5
Jackson BlakeRW0001011115:310:0000:0600% 2
Jaynen RisslingD000-2241320:003:2111:0500% 0
John SchiavoRW000000002:170:5400:0600% 0
Joshua Ho-SangRW000-3003021:183:0311:32033% 3
Ludwig PerssonLW0001011015:250:0000:0000% 3
Max CrozierD000-2012420:283:2121:3200% 0
Michael VukojevicD000-2201015:140:1200:0000% 0
Miles WoodLW011-1015020:303:3240:0600% 0
Petrus PalmuRW000-100004:200:4200:0000% 0
Reese JohnsonC000-2033018:573:0301:32048% 21
Riley BarberRW000-1003121:003:2010:48050% 4
Troy StecherD1121012124:233:5620:4800% 0
Americans
Player Name POS G A P +/- PIM HIT SHT SB MP PP MP PP SHT PK MP PK SHT FO% FOT
Andrew AgozzinoC/LW1122053122:231:1714:0900% 1
Andrew PeekeD000-1220017:350:0000:1000% 0
Brett MurrayLW0000022114:190:0001:4910% 0
Connor CarrickD0112012121:381:0803:2100% 0
Ethan ProwD0332001120:141:1803:1400% 0
John GilmourD000-1201019:090:0001:4400% 0
Joseph DuszakD0222011120:581:0812:4100% 0
Kyle RauC/LW/RW0000011012:300:0000:0000% 0
Matt LoritoLW/RW0112007118:391:1700:2500% 0
Mattias SamuelssonD0002044320:241:1813:2400% 0
Patrick BrownC/RW011000007:230:0000:470100% 1
Reid DukeC0000004012:300:0000:00035% 17
Riley TufteLW101001306:360:0000:000100% 1
Ross JohnstonLW1011244016:221:0911:00067% 3
Sam AnasC/RW0001001115:231:0900:00050% 14
Sean MaloneC000000009:340:0002:58050% 10
Tanner Fritz C/LW/RW2132007021:401:1713:26055% 33
Turner ElsonC/LW/RW0001201015:221:0900:000100% 1



Play-by-Play

1st period


0:01 of 1st period - Reese Johnson wins face-off versus Tanner Fritz in neutral zone.
0:03 of 1st period - Troy Stecher is hit by Joseph Duszak and loses puck.
0:12 of 1st period - Ben Hutton is hit by Andrew Agozzino and loses puck.
0:27 of 1st period - Shot by Matt Lorito.
0:27 of 1st period - Stopped by Jake Kielly without a rebound.
0:28 of 1st period - Brett Sutter wins face-off versus Sam Anas in Checkers zone.
0:28 of 1st period - Brett Sutter is hit by Ross Johnston.
1:04 of 1st period - Shot by Brett Sutter.
1:04 of 1st period - Deflect By Riley Barber.
1:04 of 1st period - Stopped by Alex Starlock without a rebound.
1:05 of 1st period - Aarne Talvitie wins face-off versus Reid Duke in Americans zone.
1:05 of 1st period - Aarne Talvitie is hit by Andrew Peeke.
1:09 of 1st period - Shot by Jackson Blake.
1:09 of 1st period - Deflect By Aarne Talvitie.
1:09 of 1st period - Stopped by Alex Starlock without a rebound.
1:10 of 1st period - Aarne Talvitie wins face-off versus Reid Duke in Americans zone.
1:11 of 1st period - Shot by Jackson Blake.
1:11 of 1st period - Stopped by Alex Starlock without a rebound.
1:12 of 1st period - Reid Duke wins face-off versus Ludwig Persson in Americans zone.
1:41 of 1st period - Shot by Kyle Rau.
1:41 of 1st period - Stopped by Jake Kielly without a rebound.
1:42 of 1st period - Reese Johnson wins face-off versus Tanner Fritz in Checkers zone.
1:47 of 1st period - Shot by Joshua Ho-Sang.
1:47 of 1st period - Shot Misses the Net.
1:49 of 1st period - Shot by Andy Andreoff.
1:49 of 1st period - Shot Blocked by Matt Lorito.
1:51 of 1st period - Shot by Troy Stecher.
1:51 of 1st period - Shot Blocked by Andrew Agozzino.
1:53 of 1st period - Shot by Ben Hutton.
1:53 of 1st period - Stopped by Alex Starlock without a rebound.
1:54 of 1st period - Brett Sutter wins face-off versus Sean Malone in Americans zone.
1:54 of 1st period - Max Crozier is hit by Mattias Samuelsson and loses puck.
2:03 of 1st period - Shot by Patrick Brown.
2:03 of 1st period - Shot Misses the Net.
2:05 of 1st period - Shot by Riley Tufte.
2:05 of 1st period - Stopped by Jake Kielly with a rebound.
2:07 of 1st period - Shot by Mattias Samuelsson.
2:07 of 1st period - Stopped by Jake Kielly with a rebound.
2:32 of 1st period - Sean Malone is hit by Jaynen Rissling and loses puck.
3:19 of 1st period - Shot by Tanner Fritz .
3:19 of 1st period - Goal by Tanner Fritz - Checkers : 0 - Americans : 1.
3:20 of 1st period - Sam Anas wins face-off versus Reese Johnson in neutral zone.
3:26 of 1st period - Icing by Joshua Ho-Sang.
3:27 of 1st period - Ross Johnston wins face-off versus Reese Johnson in Checkers zone.
3:42 of 1st period - Shot by Reese Johnson.
3:42 of 1st period - Shot Misses the Net.
4:51 of 1st period - Shot by Reid Duke.
4:51 of 1st period - Stopped by Jake Kielly with a rebound.
4:53 of 1st period - Shot by Kyle Rau.
4:53 of 1st period - Shot Misses the Net.
5:25 of 1st period - Shot by Matt Lorito.
5:25 of 1st period - Stopped by Jake Kielly with a rebound.
5:34 of 1st period - Shot by Tanner Fritz .
5:34 of 1st period - Stopped by Jake Kielly without a rebound.
5:35 of 1st period - Sean Malone wins face-off versus Brett Sutter in Checkers zone.
5:45 of 1st period - Off-side.
5:46 of 1st period - Brett Sutter wins face-off versus Sam Anas in neutral zone.
6:14 of 1st period - Shot by Miles Wood.
6:14 of 1st period - Shot Misses the Net.
6:16 of 1st period - Shot by Miles Wood.
6:16 of 1st period - Shot Misses the Net.
6:18 of 1st period - Shot by Ben Hutton.
6:18 of 1st period - Shot Misses the Net.
6:31 of 1st period - Ross Johnston is hit by Reese Johnson and loses puck.
6:42 of 1st period - Shot by Andy Andreoff.
6:42 of 1st period - Deflect By Joshua Ho-Sang.
6:42 of 1st period - Shot Misses the Net.
6:44 of 1st period - Shot by Michael Vukojevic.
6:44 of 1st period - Shot Misses the Net.
6:46 of 1st period - Shot by Michael Vukojevic.
6:46 of 1st period - Shot Blocked by Sam Anas.
6:48 of 1st period - Shot by Reese Johnson.
6:48 of 1st period - Stopped by Alex Starlock without a rebound.
6:49 of 1st period - Aarne Talvitie wins face-off versus Tanner Fritz in Americans zone.
8:32 of 1st period - Shot by Sean Malone.
8:32 of 1st period - Shot Misses the Net.
8:36 of 1st period - Shot by Riley Tufte.
8:36 of 1st period - Stopped by Jake Kielly with a rebound.
9:15 of 1st period - Shot by Brett Sutter.
9:15 of 1st period - Stopped by Alex Starlock without a rebound.
9:16 of 1st period - Aarne Talvitie wins face-off versus Tanner Fritz in Americans zone.
9:51 of 1st period - Shot by Tanner Fritz .
9:51 of 1st period - Deflect By Andrew Agozzino.
9:51 of 1st period - Shot Misses the Net.
10:12 of 1st period - Off-side.
10:13 of 1st period - Brett Sutter wins face-off versus Reid Duke in neutral zone.
10:46 of 1st period - Shot by Kyle Rau.
10:46 of 1st period - Shot Misses the Net.
10:48 of 1st period - Shot by Andrew Peeke.
10:48 of 1st period - Shot Blocked by Ben Hutton.
10:50 of 1st period - Shot by Reid Duke.
10:50 of 1st period - Shot Misses the Net.
10:54 of 1st period - Shot by Reid Duke.
10:54 of 1st period - Stopped by Jake Kielly without a rebound.
10:55 of 1st period - Sam Anas wins face-off versus Dylan Peterson in Checkers zone.
11:08 of 1st period - Shot by Connor Carrick.
11:08 of 1st period - Stopped by Jake Kielly with a rebound.
11:10 of 1st period - Shot by Ross Johnston.
11:10 of 1st period - Goal by Ross Johnston - Checkers : 0 - Americans : 2.
11:11 of 1st period - Tanner Fritz wins face-off versus Aarne Talvitie in neutral zone.
13:07 of 1st period - Shot by Joshua Ho-Sang.
13:07 of 1st period - Stopped by Alex Starlock without a rebound.
13:08 of 1st period - Dylan Peterson wins face-off versus Reid Duke in Americans zone.
13:08 of 1st period - Dylan Peterson is hit by Andrew Peeke.
13:20 of 1st period - Shot by Kyle Rau.
13:20 of 1st period - Shot Misses the Net.
13:22 of 1st period - Shot by John Gilmour.
13:22 of 1st period - Shot Misses the Net.
13:24 of 1st period - Shot by Kyle Rau.
13:24 of 1st period - Shot Hit the Post.
13:33 of 1st period - Icing by Michael Vukojevic.
13:34 of 1st period - Dylan Peterson wins face-off versus Sean Malone in Checkers zone.
13:56 of 1st period - Off-side.
13:57 of 1st period - Brett Sutter wins face-off versus Tanner Fritz in neutral zone.
14:00 of 1st period - Shot by Brett Sutter.
14:00 of 1st period - Shot Misses the Net.
14:26 of 1st period - Shot by Andrew Agozzino.
14:26 of 1st period - Stopped by Jake Kielly with a rebound.
14:38 of 1st period - Shot by Miles Wood.
14:38 of 1st period - Shot Misses the Net.
15:54 of 1st period - Icing by Demetrios Koumontzis.
15:55 of 1st period - Reese Johnson wins face-off versus Sean Malone in Checkers zone.
16:07 of 1st period - Shot by Riley Tufte.
16:07 of 1st period - Goal by Riley Tufte - Checkers : 0 - Americans : 3.
16:08 of 1st period - Riley Barber wins face-off versus Reid Duke in neutral zone.
16:43 of 1st period - Shot by Reid Duke.
16:43 of 1st period - Stopped by Jake Kielly without a rebound.
16:44 of 1st period - Tanner Fritz wins face-off versus Aarne Talvitie in Checkers zone.
17:05 of 1st period - Shot by Ludwig Persson.
17:05 of 1st period - Shot Blocked by Connor Carrick.
17:19 of 1st period - Shot by Andrew Agozzino.
17:19 of 1st period - Shot Misses the Net.
17:21 of 1st period - Shot by Tanner Fritz .
17:21 of 1st period - Shot Misses the Net.
17:23 of 1st period - Shot by Connor Carrick.
17:23 of 1st period - Shot Misses the Net.
17:52 of 1st period - Icing by Ben Hutton.
17:53 of 1st period - Reese Johnson wins face-off versus Sean Malone in Checkers zone.
18:00 of 1st period - Andy Andreoff is hit by Riley Tufte and loses puck.
18:11 of 1st period - Shot by Reese Johnson.
18:11 of 1st period - Deflect By Joshua Ho-Sang.
18:11 of 1st period - Shot Misses the Net.
19:37 of 1st period - Icing by Demetrios Koumontzis.
19:38 of 1st period - Brett Sutter wins face-off versus Tanner Fritz in Checkers zone.
19:38 of 1st period - Brett Sutter is hit by Andrew Agozzino.
Goals for this period are 0 for Checkers vs 3 for Americans.
Shots for this period are 7 for Checkers vs 15 for Americans.

2nd period


0:01 of 2nd period - Tanner Fritz wins face-off versus Reese Johnson in neutral zone.
0:21 of 2nd period - Shot by Reese Johnson.
0:21 of 2nd period - Shot Misses the Net.
0:23 of 2nd period - Shot by Reese Johnson.
0:23 of 2nd period - Stopped by Alex Starlock without a rebound.
0:24 of 2nd period - Brett Sutter wins face-off versus Reid Duke in Americans zone.
0:31 of 2nd period - Shot by Miles Wood.
0:31 of 2nd period - Shot Misses the Net.
0:55 of 2nd period - Ethan Prow is hit by Jaynen Rissling and loses puck.
1:36 of 2nd period - Reese Johnson is hit by Mattias Samuelsson and loses puck.
2:54 of 2nd period - Minor Penalty to Turner Elson for Hooking.
2:55 of 2nd period - Brett Sutter wins face-off versus Andrew Agozzino in Americans zone.
3:04 of 2nd period - Shot by Miles Wood.
3:04 of 2nd period - Stopped by Alex Starlock without a rebound.
3:05 of 2nd period - Tanner Fritz wins face-off versus Brett Sutter in Americans zone.
3:22 of 2nd period - Shot by Miles Wood.
3:22 of 2nd period - Stopped by Alex Starlock without a rebound.
3:23 of 2nd period - Riley Barber wins face-off versus Tanner Fritz in Americans zone.
3:48 of 2nd period - Shot by Miles Wood.
3:48 of 2nd period - Stopped by Alex Starlock without a rebound.
3:49 of 2nd period - Ross Johnston wins face-off versus Riley Barber in Americans zone.
3:58 of 2nd period - Shot by Ben Hutton.
3:58 of 2nd period - Stopped by Alex Starlock without a rebound.
3:59 of 2nd period - Reese Johnson wins face-off versus Ross Johnston in Americans zone.
4:02 of 2nd period - Shot by Joshua Ho-Sang.
4:02 of 2nd period - Stopped by Alex Starlock with a rebound.
4:04 of 2nd period - Shot by Ben Hutton.
4:04 of 2nd period - Shot Misses the Net.
4:06 of 2nd period - Shot by Ben Hutton.
4:06 of 2nd period - Stopped by Alex Starlock with a rebound.
5:06 of 2nd period - Patrick Brown is hit by Aarne Talvitie and loses puck.
6:19 of 2nd period - Shot by Turner Elson.
6:19 of 2nd period - Shot Misses the Net.
6:24 of 2nd period - Sam Anas is hit by Max Crozier and loses puck.
8:27 of 2nd period - Icing by Andrew Peeke.
8:28 of 2nd period - Reese Johnson wins face-off versus Reid Duke in Americans zone.
8:33 of 2nd period - Shot by Reese Johnson.
8:33 of 2nd period - Stopped by Alex Starlock without a rebound.
8:34 of 2nd period - Sam Anas wins face-off versus Reese Johnson in Americans zone.
8:34 of 2nd period - Sam Anas is hit by Reese Johnson.
9:32 of 2nd period - Andrew Peeke is hit by Jaynen Rissling and loses puck.
9:34 of 2nd period - Minor Penalty to Jaynen Rissling for Cross-checking.
9:35 of 2nd period - Reese Johnson wins face-off versus Tanner Fritz in Checkers zone.
9:50 of 2nd period - Shot by Matt Lorito.
9:50 of 2nd period - Shot Misses the Net.
9:52 of 2nd period - Shot by Tanner Fritz .
9:52 of 2nd period - Stopped by Jake Kielly without a rebound.
9:53 of 2nd period - Tanner Fritz wins face-off versus Joshua Ho-Sang in Checkers zone.
9:59 of 2nd period - Shot by Ethan Prow.
9:59 of 2nd period - Shot Misses the Net.
10:01 of 2nd period - Shot by Andrew Agozzino.
10:01 of 2nd period - Goal by Andrew Agozzino - Checkers : 0 - Americans : 4.
10:01 of 2nd period - Devin Cooley enters game.
10:02 of 2nd period - Brett Sutter wins face-off versus Reid Duke in neutral zone.
10:16 of 2nd period - Icing by John Gilmour.
10:17 of 2nd period - Reid Duke wins face-off versus Aarne Talvitie in Americans zone.
10:30 of 2nd period - Icing by Aarne Talvitie.
10:31 of 2nd period - Aarne Talvitie wins face-off versus Sam Anas in Checkers zone.
10:44 of 2nd period - Joseph Duszak is hit by Aarne Talvitie and loses puck.
10:49 of 2nd period - Shot by Michael Vukojevic.
10:49 of 2nd period - Stopped by Alex Starlock with a rebound.
10:51 of 2nd period - Shot by Demetrios Koumontzis.
10:51 of 2nd period - Shot Misses the Net.
11:32 of 2nd period - Troy Stecher is hit by Andrew Agozzino and loses puck.
11:37 of 2nd period - Shot by Matt Lorito.
11:37 of 2nd period - Stopped by Devin Cooley without a rebound.
11:38 of 2nd period - Brett Sutter wins face-off versus Reid Duke in Checkers zone.
11:38 of 2nd period - Max Crozier is hit by Brett Murray and loses puck.
12:47 of 2nd period - Icing by Troy Stecher.
12:48 of 2nd period - Dylan Peterson wins face-off versus Tanner Fritz in Checkers zone.
12:59 of 2nd period - Joshua Ho-Sang is hit by Andrew Agozzino and loses puck.
13:13 of 2nd period - Shot by Tanner Fritz .
13:13 of 2nd period - Shot Misses the Net.
13:15 of 2nd period - Shot by Connor Carrick.
13:15 of 2nd period - Shot Misses the Net.
13:17 of 2nd period - Shot by Andrew Agozzino.
13:17 of 2nd period - Stopped by Devin Cooley with a rebound.
13:19 of 2nd period - Shot by Matt Lorito.
13:19 of 2nd period - Stopped by Devin Cooley without a rebound.
13:20 of 2nd period - Sam Anas wins face-off versus Aarne Talvitie in Checkers zone.
13:39 of 2nd period - Shot by Ross Johnston.
13:39 of 2nd period - Stopped by Devin Cooley with a rebound.
13:41 of 2nd period - Shot by Ethan Prow.
13:41 of 2nd period - Stopped by Devin Cooley without a rebound.
13:42 of 2nd period - Riley Tufte wins face-off versus Brett Sutter in Checkers zone.
13:56 of 2nd period - Icing by Andrew Peeke.
13:57 of 2nd period - Sean Malone wins face-off versus Ludwig Persson in Americans zone.
14:31 of 2nd period - Shot by Aarne Talvitie.
14:31 of 2nd period - Goal by Aarne Talvitie - Checkers : 1 - Americans : 4.
14:32 of 2nd period - Reese Johnson wins face-off versus Tanner Fritz in neutral zone.
14:38 of 2nd period - Reese Johnson is hit by Connor Carrick and loses puck.
14:56 of 2nd period - Icing by Reese Johnson.
14:57 of 2nd period - Sam Anas wins face-off versus Reese Johnson in Checkers zone.
14:58 of 2nd period - Shot by Turner Elson.
14:58 of 2nd period - Shot Blocked by Max Crozier.
15:30 of 2nd period - Ben Hutton is hit by Ross Johnston and loses puck.
15:36 of 2nd period - Sam Anas is hit by Ben Hutton and loses puck.
15:49 of 2nd period - Icing by Troy Stecher.
15:50 of 2nd period - Tanner Fritz wins face-off versus Brett Sutter in Checkers zone.
15:51 of 2nd period - Shot by Connor Carrick.
15:51 of 2nd period - Shot Blocked by Riley Barber.
16:01 of 2nd period - Shot by Riley Barber.
16:01 of 2nd period - Stopped by Alex Starlock without a rebound.
16:02 of 2nd period - Aarne Talvitie wins face-off versus Reid Duke in Americans zone.
16:33 of 2nd period - Aarne Talvitie is hit by Brett Murray and loses puck.
17:14 of 2nd period - Shot by Tanner Fritz .
17:14 of 2nd period - Stopped by Devin Cooley without a rebound.
17:15 of 2nd period - Turner Elson wins face-off versus Brett Sutter in Checkers zone.
17:15 of 2nd period - Mattias Samuelsson is hit by Ben Hutton and loses puck.
17:25 of 2nd period - Ben Hutton is hit by Mattias Samuelsson and loses puck.
17:48 of 2nd period - Shot by Miles Wood.
17:48 of 2nd period - Shot Blocked by Mattias Samuelsson.
17:52 of 2nd period - Shot by Brett Sutter.
17:52 of 2nd period - Shot Misses the Net.
17:54 of 2nd period - Shot by Ben Hutton.
17:54 of 2nd period - Shot Misses the Net.
17:56 of 2nd period - Shot by Brett Sutter.
17:56 of 2nd period - Stopped by Alex Starlock without a rebound.
17:57 of 2nd period - Tanner Fritz wins face-off versus Reese Johnson in Americans zone.
17:57 of 2nd period - Tanner Fritz is hit by Andy Andreoff.
18:12 of 2nd period - Shot by Tanner Fritz .
18:12 of 2nd period - Stopped by Devin Cooley without a rebound.
18:13 of 2nd period - Reid Duke wins face-off versus Aarne Talvitie in Checkers zone.
18:22 of 2nd period - Shot by Kyle Rau.
18:22 of 2nd period - Shot Misses the Net.
18:42 of 2nd period - Shot by Reid Duke.
18:42 of 2nd period - Stopped by Devin Cooley with a rebound.
18:44 of 2nd period - Shot by Kyle Rau.
18:44 of 2nd period - Shot Misses the Net.
18:46 of 2nd period - Shot by Kyle Rau.
18:46 of 2nd period - Deflect By Reid Duke.
18:46 of 2nd period - Shot Blocked by Demetrios Koumontzis.
18:48 of 2nd period - Shot by John Gilmour.
18:48 of 2nd period - Stopped by Devin Cooley without a rebound.
18:49 of 2nd period - Reese Johnson wins face-off versus Tanner Fritz in Checkers zone.
18:49 of 2nd period - Reese Johnson is hit by Andrew Agozzino.
19:08 of 2nd period - Shot by Matt Lorito.
19:08 of 2nd period - Stopped by Devin Cooley without a rebound.
19:09 of 2nd period - Sam Anas wins face-off versus Brett Sutter in Checkers zone.
19:16 of 2nd period - Shot by Turner Elson.
19:16 of 2nd period - Stopped by Devin Cooley with a rebound.
19:18 of 2nd period - Shot by Turner Elson.
19:18 of 2nd period - Shot Blocked by Max Crozier.
19:34 of 2nd period - Shot by Ross Johnston.
19:34 of 2nd period - Shot Blocked by Jaynen Rissling.
19:36 of 2nd period - Shot by Ethan Prow.
19:36 of 2nd period - Shot Blocked by Max Crozier.
19:38 of 2nd period - Shot by Mattias Samuelsson.
19:38 of 2nd period - Stopped by Devin Cooley without a rebound.
19:39 of 2nd period - Tanner Fritz wins face-off versus Reese Johnson in Checkers zone.
19:39 of 2nd period - Tanner Fritz is hit by Ben Hutton.
19:53 of 2nd period - Matt Lorito is hit by Reese Johnson and loses puck.
Goals for this period are 1 for Checkers vs 1 for Americans.
Shots for this period are 12 for Checkers vs 14 for Americans.

3rd period


0:01 of 3rd period - Tanner Fritz wins face-off versus Reese Johnson in neutral zone.
0:31 of 3rd period - Shot by Reese Johnson.
0:31 of 3rd period - Shot Misses the Net.
0:33 of 3rd period - Shot by Reese Johnson.
0:33 of 3rd period - Deflect By Joshua Ho-Sang.
0:33 of 3rd period - Stopped by Alex Starlock with a rebound.
0:35 of 3rd period - Shot by Troy Stecher.
0:35 of 3rd period - Shot Blocked by Joseph Duszak.
1:03 of 3rd period - Brett Sutter is hit by Ross Johnston and loses puck.
1:09 of 3rd period - Ross Johnston is hit by Jaynen Rissling and loses puck.
1:15 of 3rd period - Minor Penalty to Ross Johnston for Tripping.
1:16 of 3rd period - Sean Malone wins face-off versus Brett Sutter in Americans zone.
2:07 of 3rd period - Shot by Max Crozier.
2:07 of 3rd period - Stopped by Alex Starlock with a rebound.
2:09 of 3rd period - Shot by Max Crozier.
2:09 of 3rd period - Shot Misses the Net.
2:51 of 3rd period - Shot by Ben Hutton.
2:51 of 3rd period - Shot Misses the Net.
3:03 of 3rd period - Shot by Brett Murray.
3:03 of 3rd period - Deflect By Patrick Brown.
3:03 of 3rd period - Shot Blocked by Troy Stecher.
3:11 of 3rd period - Shot by Brett Murray.
3:11 of 3rd period - Stopped by Devin Cooley without a rebound.
3:12 of 3rd period - Patrick Brown wins face-off versus Brett Sutter in Checkers zone.
3:32 of 3rd period - Shot by Jackson Blake.
3:32 of 3rd period - Deflect By Ludwig Persson.
3:32 of 3rd period - Shot Misses the Net.
3:34 of 3rd period - Shot by Aarne Talvitie.
3:34 of 3rd period - Shot Misses the Net.
3:42 of 3rd period - Shot by Aarne Talvitie.
3:42 of 3rd period - Shot Misses the Net.
3:43 of 3rd period - Minor Penalty to John Gilmour for Tripping.
3:44 of 3rd period - Brett Sutter wins face-off versus Tanner Fritz in Americans zone.
3:49 of 3rd period - Shot by Miles Wood.
3:49 of 3rd period - Stopped by Alex Starlock with a rebound.
3:51 of 3rd period - Shot by Max Crozier.
3:51 of 3rd period - Shot Misses the Net.
3:53 of 3rd period - Shot by Jaynen Rissling.
3:53 of 3rd period - Stopped by Alex Starlock without a rebound.
3:54 of 3rd period - Tanner Fritz wins face-off versus Joshua Ho-Sang in Americans zone.
4:09 of 3rd period - Shot by Max Crozier.
4:09 of 3rd period - Stopped by Alex Starlock with a rebound.
4:11 of 3rd period - Shot by Andy Andreoff.
4:11 of 3rd period - Shot Blocked by Mattias Samuelsson.
4:13 of 3rd period - Shot by Reese Johnson.
4:13 of 3rd period - Shot Misses the Net.
4:15 of 3rd period - Shot by Max Crozier.
4:15 of 3rd period - Shot Blocked by Ethan Prow.
4:17 of 3rd period - Shot by Reese Johnson.
4:17 of 3rd period - Shot Blocked by Mattias Samuelsson.
4:25 of 3rd period - Shot by Max Crozier.
4:25 of 3rd period - Shot Misses the Net.
4:27 of 3rd period - Shot by Joshua Ho-Sang.
4:27 of 3rd period - Shot Misses the Net.
4:29 of 3rd period - Shot by Andy Andreoff.
4:29 of 3rd period - Stopped by Alex Starlock without a rebound.
4:30 of 3rd period - Brett Sutter wins face-off versus Tanner Fritz in Americans zone.
4:33 of 3rd period - Shot by Troy Stecher.
4:33 of 3rd period - Stopped by Alex Starlock without a rebound.
4:34 of 3rd period - Brett Sutter wins face-off versus Tanner Fritz in Americans zone.
5:05 of 3rd period - Shot by Riley Barber.
5:05 of 3rd period - Stopped by Alex Starlock with a rebound.
5:42 of 3rd period - Joshua Ho-Sang is hit by Mattias Samuelsson and loses puck.
6:02 of 3rd period - Icing by Andrew Peeke.
6:03 of 3rd period - Dylan Peterson wins face-off versus Sean Malone in Americans zone.
6:18 of 3rd period - Shot by Petrus Palmu.
6:18 of 3rd period - Shot Misses the Net.
6:43 of 3rd period - Icing by John Gilmour.
6:44 of 3rd period - Sean Malone wins face-off versus Brett Sutter in Americans zone.
6:48 of 3rd period - Off-side.
6:49 of 3rd period - Brett Sutter wins face-off versus Sam Anas in neutral zone.
6:49 of 3rd period - Ben Hutton is hit by Ross Johnston and loses puck.
7:00 of 3rd period - Shot by Miles Wood.
7:00 of 3rd period - Stopped by Alex Starlock without a rebound.
7:01 of 3rd period - Tanner Fritz wins face-off versus Jackson Blake in Americans zone.
7:01 of 3rd period - Tanner Fritz is hit by Jackson Blake.
7:06 of 3rd period - Ethan Prow is hit by Ludwig Persson.
7:14 of 3rd period - Shot by Tanner Fritz .
7:14 of 3rd period - Shot Blocked by Demetrios Koumontzis.
7:24 of 3rd period - Shot by Tanner Fritz .
7:24 of 3rd period - Shot Misses the Net.
7:26 of 3rd period - Shot by Mattias Samuelsson.
7:26 of 3rd period - Stopped by Devin Cooley without a rebound.
7:27 of 3rd period - Brett Sutter wins face-off versus Sam Anas in Checkers zone.
8:04 of 3rd period - Shot by Turner Elson.
8:04 of 3rd period - Shot Misses the Net.
8:07 of 3rd period - Icing by Riley Barber.
8:08 of 3rd period - Tanner Fritz wins face-off versus Riley Barber in Checkers zone.
8:23 of 3rd period - Shot by Matt Lorito.
8:23 of 3rd period - Stopped by Devin Cooley without a rebound.
8:24 of 3rd period - Reese Johnson wins face-off versus Reid Duke in Checkers zone.
8:24 of 3rd period - Reese Johnson is hit by Kyle Rau.
9:22 of 3rd period - Icing by Connor Carrick.
9:23 of 3rd period - Tanner Fritz wins face-off versus Aarne Talvitie in Americans zone.
9:25 of 3rd period - Icing by Matt Lorito.
9:26 of 3rd period - Brett Sutter wins face-off versus Tanner Fritz in Americans zone.
9:35 of 3rd period - Shot by Connor Carrick.
9:35 of 3rd period - Stopped by Devin Cooley with a rebound.
10:26 of 3rd period - Icing by Aarne Talvitie.
10:27 of 3rd period - Sam Anas wins face-off versus Aarne Talvitie in Checkers zone.
10:44 of 3rd period - Shot by Aarne Talvitie.
10:44 of 3rd period - Stopped by Alex Starlock without a rebound.
10:45 of 3rd period - Reid Duke wins face-off versus Reese Johnson in Americans zone.
12:20 of 3rd period - Shot by Sam Anas.
12:20 of 3rd period - Stopped by Devin Cooley without a rebound.
12:21 of 3rd period - Tanner Fritz wins face-off versus Brett Sutter in Checkers zone.
12:49 of 3rd period - Minor Penalty to Michael Vukojevic for High sticking.
12:50 of 3rd period - Joshua Ho-Sang wins face-off versus Sam Anas in Checkers zone.
12:55 of 3rd period - Shot by Mattias Samuelsson.
12:55 of 3rd period - Stopped by Devin Cooley with a rebound.
13:10 of 3rd period - Shot by Sam Anas.
13:10 of 3rd period - Shot Misses the Net.
13:12 of 3rd period - Shot by Ross Johnston.
13:12 of 3rd period - Shot Misses the Net.
13:30 of 3rd period - Shot by Joseph Duszak.
13:30 of 3rd period - Shot Blocked by Jaynen Rissling.
13:32 of 3rd period - Shot by Connor Carrick.
13:32 of 3rd period - Shot Blocked by Max Crozier.
13:34 of 3rd period - Shot by Joseph Duszak.
13:34 of 3rd period - Stopped by Devin Cooley with a rebound.
14:16 of 3rd period - Shot by Ross Johnston.
14:16 of 3rd period - Stopped by Devin Cooley with a rebound.
14:33 of 3rd period - Sam Anas is hit by Troy Stecher and loses puck.
15:04 of 3rd period - Shot by Reid Duke.
15:04 of 3rd period - Shot Misses the Net.
15:15 of 3rd period - Minor Penalty to Andrew Peeke for Interference.
15:16 of 3rd period - Tanner Fritz wins face-off versus Brett Sutter in Americans zone.
15:16 of 3rd period - Tanner Fritz is hit by Miles Wood.
15:45 of 3rd period - Shot by Troy Stecher.
15:45 of 3rd period - Shot Misses the Net.
16:05 of 3rd period - Shot by Jaynen Rissling.
16:05 of 3rd period - Shot Blocked by Brett Murray.
16:35 of 3rd period - Shot by Troy Stecher.
16:35 of 3rd period - Goal by Troy Stecher - Checkers : 2 - Americans : 4.
16:36 of 3rd period - Reid Duke wins face-off versus Ludwig Persson in neutral zone.
16:54 of 3rd period - Icing by Demetrios Koumontzis.
16:55 of 3rd period - Sean Malone wins face-off versus Jackson Blake in Checkers zone.
17:12 of 3rd period - Shot by Aarne Talvitie.
17:12 of 3rd period - Deflect By Ludwig Persson.
17:12 of 3rd period - Stopped by Alex Starlock with a rebound.
17:16 of 3rd period - Shot by Jackson Blake.
17:16 of 3rd period - Deflect By Aarne Talvitie.
17:16 of 3rd period - Stopped by Alex Starlock with a rebound.
17:47 of 3rd period - Icing by Ben Hutton.
17:48 of 3rd period - Tanner Fritz wins face-off versus Brett Sutter in Checkers zone.
17:48 of 3rd period - Tanner Fritz is hit by Ben Hutton.
17:56 of 3rd period - Shot by Tanner Fritz .
17:56 of 3rd period - Stopped by Devin Cooley without a rebound.
17:57 of 3rd period - Tanner Fritz wins face-off versus Reese Johnson in Checkers zone.
18:02 of 3rd period - Shot by Ethan Prow.
18:02 of 3rd period - Shot Blocked by Jaynen Rissling.
18:04 of 3rd period - Shot by Matt Lorito.
18:04 of 3rd period - Stopped by Devin Cooley without a rebound.
18:05 of 3rd period - Tanner Fritz wins face-off versus Reese Johnson in Checkers zone.
18:37 of 3rd period - Shot by Matt Lorito.
18:37 of 3rd period - Shot Misses the Net.
18:39 of 3rd period - Shot by Tanner Fritz .
18:39 of 3rd period - Goal by Tanner Fritz - Checkers : 2 - Americans : 5.
18:40 of 3rd period - Brett Sutter wins face-off versus Sam Anas in neutral zone.
18:59 of 3rd period - Shot by Ross Johnston.
18:59 of 3rd period - Stopped by Devin Cooley without a rebound.
19:00 of 3rd period - Reid Duke wins face-off versus Aarne Talvitie in Checkers zone.
19:01 of 3rd period - Shot by Brett Murray.
19:01 of 3rd period - Shot Misses the Net.
19:03 of 3rd period - Shot by Kyle Rau.
19:03 of 3rd period - Shot Blocked by Demetrios Koumontzis.
19:09 of 3rd period - Shot by Brett Murray.
19:09 of 3rd period - Stopped by Devin Cooley with a rebound.
19:11 of 3rd period - Shot by Brett Murray.
19:11 of 3rd period - Shot Blocked by Jackson Blake.
19:13 of 3rd period - Shot by Brett Murray.
19:13 of 3rd period - Shot Misses the Net.
19:23 of 3rd period - Shot by Reid Duke.
19:23 of 3rd period - Shot Misses the Net.
Goals for this period are 1 for Checkers vs 1 for Americans.
Shots for this period are 13 for Checkers vs 13 for Americans.